 Dungeon Crawl Stone Soup version 0.22-a0-307-g2b15929 (webtiles) character file.

145 TheGoonsmith the Firebug (level 5, -2/41 HPs)
             Began as a Hill Orc Fire Elementalist on Apr 1, 2018.
             Slain by a gnoll
             ... wielding a +0 whip
              (7 damage)
             ... on level 4 of the Dungeon.
             The game lasted 00:05:03 (2865 turns).

TheGoonsmith the Firebug (HOFE)                     Turns: 2865, Time: 00:05:04

Health: -2/41      AC:  3    Str: 11    XL:     5   Next: 27%
Magic:  0/8        EV: 12    Int: 16    God:
Gold:   117        SH:  0    Dex: 11    Spells: 5/9 levels left

rFire    . . .     SeeInvis .   i - +0 morningstar
rCold    . . .     Gourm    .   (no shield)
rNeg     . . .     Faith    .   a - +1 robe
rPois    .         Spirit   .   (no helmet)
rElec    .         Reflect  .   (no cloak)
rCorr    .         Harm     .   (no gloves)
MR       .....                  (no boots)
Stlth    ++........             (no amulet)
HPRegen  0.13/turn              (no ring)
MPRegen  0.11/turn              (no ring)

@: no status effects
A: no striking features
a: no special abilities


You were on level 4 of the Dungeon.
You were not hungry.

You visited 1 branch of the dungeon, and saw 4 of its levels.

You collected 117 gold pieces.

Inventory:

Hand Weapons
 i - a +0 morningstar (weapon)
 l - a +0 dagger
 m - a +0 whip
 n - a +0 hand axe
Missiles
 g - 7 tomahawks (quivered)
Armour
 a - a +1 robe (worn)
Jewellery
 p - an uncursed amulet of faith
 t - an uncursed amulet of faith
Wands
 v - a wand of flame (20)
Scrolls
 h - a scroll of enchant armour
 j - 2 scrolls of identify
 k - a scroll of fear
 q - a scroll of teleportation
 r - a scroll of remove curse
Potions
 b - 3 potions of curing {unknown}
 d - a potion of flight {unknown}
 e - 2 potions of heal wounds {unknown}
 o - 2 potions of mutation {unknown}
 s - 2 potions of haste {unknown}
 u - a potion of magic {unknown}
Comestibles
 c - 7 rations


   Skills:
 - Level 2.1 Fighting
 - Level 1.5 Dodging
 - Level 1.5 Stealth
 - Level 2.5 Spellcasting
 + Level 3.0 Conjurations
 - Level 4.0 Fire Magic


You had 5 spell levels left.
You knew the following spells:

 Your Spells              Type           Power        Failure   Level  Hunger
a - Flame Tongue          Conj/Fire      ##...        4%          1    #......
c - Conjure Flame         Conj/Fire      ##......     14%         3    ###....


Dungeon Overview and Level Annotations

Branches:
Dungeon (4/15)
 Temple: D:4-7

Altars:
Qazlal
Xom
The Shining One


Message History

Casting: Flame Tongue (safe; 4% risk of failure)
Confirm with . or Enter, or press ? or * to list all spells.
Aiming: Flame Tongue (safe; 4% risk of failure)
Press: ? - help, Shift-Dir - straight line, f/p - gnoll
Aim: a gnoll, wielding a vampiric spear (almost dead)
The flame tongue hits the gnoll.
The gnoll is heavily wounded.
The gnoll hits you with a whip!
You hit the gnoll but do no damage.
The gnoll is heavily wounded.
The gnoll barely misses you. The gnoll hits you with a whip.
You hit the gnoll but do no damage.
The gnoll is heavily wounded.
The gnoll hits you from afar with a vampiric spear!
* * * LOW HITPOINT WARNING * * *
The gnoll draws strength from your wounds!
The gnoll hits you with a whip.
* * * LOW HITPOINT WARNING * * *
The gnoll hits you with a whip!
You die...

... #...#
....#...#######
..........)g)....#
..........###.###
#.....###.# #.#
##.....#.#.# #.#
#......#.#.# #g#
#.....#.#.# #g#
#.....#.#.# #@#
##.....#.#.# #.#
#........#.###.#
#...#..#.#.#...#
#...#..#.#.#.#.###
#.............)..#
##..#..#.#.#.#.###
##<>#..#.....#.#
#........#.###.#


You could see 2 gnolls.

Vanquished Creatures
  Jessica (D:2)
  3 gnolls (D:3)
  2 adders
  An ooze (D:1)
  2 dart slugs
  2 leopard geckos (D:2)
  5 orcs
  A ball python (D:3)
  7 bats
  2 giant cockroaches
  4 goblins
  7 hobgoblins
  A quokka (D:3)
  2 frilled lizards
  4 kobolds
  16 rats
60 creatures vanquished.

Vanquished Creatures (others)
  9 toadstools (D:4)
9 creatures vanquished.

Grand Total: 69 creatures vanquished

Notes
Turn   | Place    | Note
-------+----------+-------------------------------------------
     0 | D:1      | TheGoonsmith the Hill Orc Fire Elementalist began the quest for the Orb.
     0 | D:1      | Reached XP level 1. HP: 14/14 MP: 3/3
   173 | D:1      | Reached XP level 2. HP: 20/20 MP: 1/4
   598 | D:1      | Found a bloodstained altar of Trog.
   600 | D:1      | Found a shimmering altar of Xom.
   600 | D:1      | Found a sparkling altar of Nemelex Xobeh.
   602 | D:1      | Found a shimmering altar of Xom.
   602 | D:1      | Found a glowing golden altar of the Shining One.
   602 | D:1      | Found a stormy altar of Qazlal.
   934 | D:2      | Reached XP level 3. HP: 18/26 MP: 0/6
  1442 | D:2      | Reached skill level 4 in Fire Magic
  1593 | D:2      | Noticed Jessica
  1599 | D:2      | Killed Jessica
  1599 | D:2      | Reached XP level 4. HP: 33/33 MP: 4/7
  1659 | D:2      | Learned a level 3 spell: Conjure Flame
  1687 | D:3      | Reached skill level 1 in Fighting
  2051 | D:3      | Reached XP level 5. HP: 38/41 MP: 0/8
  2865 | D:4      | Slain by a gnoll

Vault maps used:
D:1:      lemuel_arrival_muddy, doesnt_xom_only_xom
D:2:      first_ration, uniq_jessica
D:3:      grunt_ministairs_10
D:4:      cheibrodos_fertilizer, nicolae_overflow_hidden_temple,
          gammafunk_temple_overflow_elements

Skill      XL: |  1  2  3  4 |
---------------+-------------+-----
Spellcasting   | 2 |  2.5
Conjurations   | 3 |  3.0
Fire Magic     | 4 |  4.0
Fighting       | 2 |  2.1
Dodging        | |  1.5
Stealth        | |  1.5

Action                   |  1- 3 |  4- 6 || total
-------------------------+-------+-------++-------
Melee: Unarmed           |     5 |       ||     5
       Morningstar       |       |     4 ||     4
       Hand axe          |       |     2 ||     2
 Cast: Flame Tongue      |    47 |    64 ||   111
  Use: Scroll            |       |     7 ||     7
  Eat: Chunk             |     3 |     5 ||     8
Armor: Robe              |     1 |     2 ||     3
Dodge: Dodged            |    10 |    22 ||    32

Table legend:
 A = Spawn XP
 B = Non-spawn XP
 C = Spawn XP percentage of total XP
 D = Spawn monster count
 E = Non-spawn monster count
 F = Spawn count percentage of total count
 G = Total turns spent on level
                    A         B        C        D         E        F      G
               +---------+---------+-------+---------+---------+-------+---------
         Total |       0 |     208 |   0.0 |       0 |      60 |   0.0 |  2865
               +---------+---------+-------+---------+---------+-------+---------
           D:1 |       0 |      28 |   0.0 |       0 |      12 |   0.0 |  1105
           D:2 |       0 |      77 |   0.0 |       0 |      19 |   0.0 |   576
           D:3 |       0 |      89 |   0.0 |       0 |      24 |   0.0 |  1067
           D:4 |       0 |      14 |   0.0 |       0 |       5 |   0.0 |   117
               +---------+---------+-------+---------+---------+-------+---------
